 Dungeon Crawl Stone Soup version 0.29-a0-923-g6e406bff71 (webtiles) character file.

Game seed: 16037672509794285457

82 ptdevnull the Grave Robber (level 4, 0/30 HPs)
             Began as a Mummy Necromancer on July 27, 2022.
             Killed from afar by an orc wizard (7 damage)
             ... with a magic dart
             ... on level 3 of the Dungeon.
             The game lasted 00:03:42 (2138 turns).

ptdevnull the Grave Robber (Mummy Necromancer)      Turns: 2138, Time: 00:03:43

Health: 0/30       AC:  3    Str: 11    XL:     4   Next: 21%
Magic:  0/10       EV: 12    Int: 18    God:
Gold:   171        SH:  0    Dex: 12    Spells: 7/11 levels left

rFire   x . .      SeeInvis .   i - +1 sling "Poilece" {flame, rCorr Int+2}
rCold   + . .      Faith    .   (no shield)
rNeg    + + +      Spirit   .   a - +0 robe
rPois   ∞          Reflect  .   (no helmet)
rElec   .          Harm     .   (no cloak)
rCorr   +          Rampage  .   m - +0 pair of gloves
Will    .....                   (no boots)
Stlth   ++........              (no amulet)
HPRegen 0.10/turn               (no ring)
MPRegen 0.12/turn               (no ring)

@: no status effects
A: cold resistance 1, negative energy resistance 3, torment resistance 2, heat
vulnerability 1, in touch with death 1, no potions
a: no special abilities


You were on level 3 of the Dungeon.
You visited 1 branch of the dungeon, and saw 3 of its levels.

You collected 171 gold pieces.

Inventory:

Hand Weapons
 c - a +0 dagger
 i - the +1 sling "Poilece" (weapon) {flame, rCorr Int+2}
   (You found it on level 2 of the Dungeon)

   Any ammunition fired from it burns those it strikes, dealing additional fire
   damage.
   Int:       It affects your intelligence (+2).
   rCorr:     It protects you from acid and corrosion.
Missiles
 h - 4 javelins
Armour
 a - a +0 robe (worn)
 m - a +0 pair of gloves (worn)
Scrolls
 b - 6 scrolls of identify {unknown}
 d - a scroll of enchant weapon {unknown}
 e - 2 scrolls of magic mapping {unknown}
 f - a scroll of summoning {unknown}
 g - a scroll of immolation {unknown}
 j - 2 scrolls of vulnerability {unknown}
 k - 3 scrolls of blinking {unknown}
 l - a scroll of teleportation {unknown}


   Skills:
 - Level 1.5 Dodging
 - Level 1.5 Stealth
 + Level 4.4 Spellcasting
 + Level 4.9 Necromancy


You had 7 spell levels left.
You knew the following spells:

 Your Spells              Type           Power      Damage    Failure   Level
a - Necrotise             Necr           100%       1d9       1%          1
b - Vampiric Draining     Necr           32%        2d8       5%          3

Your spell library contained the following spells:

 Spells                   Type           Power      Damage    Failure   Level
 Animate Dead             Necr           32%        N/A       19%         4
 Ensorcelled Hibernation  Hex/Ice        6%         N/A       22%         2
 Passwall                 Tmut/Erth      2%         N/A       22%         2
 Swiftness                Air            3%         N/A       38%         3
 Agony                    Necr           32%        N/A       45%         5


Dungeon Overview and Level Annotations

Branches:
Dungeon (3/15)

Altars:


Innate Abilities, Weirdness & Mutations

You are immune to poison.
Your flesh is cold resistant. (rC+)
You are immune to negative energy. (rN+++)
You are immune to unholy pain and torment.
You are vulnerable to heat. (rF-)
You are in touch with the powers of death.
You do not drink.


Message History

The orc wizard is moderately wounded.
The orc wizard hits you with a +0 dagger.
The orc misses you.
Your orc skeleton completely misses the orc.
The orc hits you with a +0 flail.
The orc wizard hits you with a +0 dagger.
You shoot a sling bullet. The sling bullet hits the orc wizard.
The sling bullet burns the orc wizard.
The orc wizard is heavily wounded.
The orc closely misses you. The orc wizard barely misses you.
Your orc skeleton hits the orc.
Your magical contamination has completely faded away.
You shoot a sling bullet.
The sling bullet barely misses the orc wizard.
The orc closely misses you.
The orc wizard hits you with a +0 dagger.
Your orc skeleton hits the orc.
The orc closely misses you. The orc wizard casts a spell at you.
The puff of flame hits you! The fire burns you terribly!
* * * LOW HITPOINT WARNING * * *
You are too injured to fight recklessly!
Unknown command.
The orc wizard attacks as you move away!
The orc wizard barely misses you.
Your orc skeleton hits the orc.
The orc hits you with a +0 flail.
* * * LOW HITPOINT WARNING * * *
You are too injured to fight recklessly!
Unknown command.
Casting: Necrotise (safe; 1% risk of failure)
Confirm with . or Enter, or press ? or * to list all spells.
Aiming: Necrotise (safe; 1% risk of failure)
Press: ? - help, Shift-Dir - straight line, f - orc, p - orc wizard
Aim: an orc, wielding a +0 flail (severely wounded, ally target, chance to affect: 93%)
You feel a surge of power!
The orc writhes in agony.
You kill the orc!
The dead are walking!
Your orc skeleton hits the orc wizard but does no damage.
The orc wizard casts a spell at you. The magic dart hits you!
You die...

...)...[...>..#
#>............# ###
#.#..#........# ..#
.......##.....# ..# #
#.#...........#
###..#...
....##.#......#
#........
.#.###...#.######..##..#
.#.# ##...............#
.........#......@oZ####
...........#.####).#
.............# #.Z##
..........#... #)##
#......#....#..#.#
.#..............#
#.###.........## ...(...
. .......


You could see an orc wizard (ally target) and 2 friendly orc skeletons.

Vanquished Creatures
  An orc priest (D:3)
  2 orcs (D:3)
  2 endoplasms (D:1)
  A giant cockroach (D:3)
  A goblin (D:3)
  2 hobgoblins
  3 quokkas
  4 ball pythons
  7 bats
  3 frilled lizards
  6 kobolds
  4 rats
36 creatures vanquished.

Vanquished Creatures (collateral kills)
  An adder (D:2)
  A dart slug (D:3)
  2 ball pythons (D:1)
  A kobold (D:1)
  A rat (D:1)
6 creatures vanquished.

Grand Total: 42 creatures vanquished

Notes
Turn   | Place    | Note
-------+----------+-------------------------------------------
     0 | D:1      | ptdevnull the Mummy Necromancer began the quest for the
                  | Orb.
     0 | D:1      | Reached XP level 1. HP: 13/13 MP: 4/4
   437 | D:1      | Reached XP level 2. HP: 19/19 MP: 4/6
  1278 | D:2      | Identified the +1 sling "Poilece" {flame, rCorr Int+2}
  1565 | D:2      | Gained mutation: You are in touch with the powers of death.
                  | [Mummy growth]
  1565 | D:2      | Reached XP level 3. HP: 24/24 MP: 4/8
  1708 | D:2      | Found a faded altar of an unknown god.
  2058 | D:3      | Learned a level 3 spell: Vampiric Draining
  2100 | D:3      | Reached XP level 4. HP: 30/30 MP: 3/10
  2138 | D:3      | Killed from afar by an orc wizard

Illustrated notes

Levels and vault maps discovered:
D:1:      dpeg_arrival_round_b, layout_basic, minmay_split_cup_large
D:2:      layout_loops_ring, basic_ecumenical_altar,
          minmay_randomly_rotated_circles
D:3:      layout_rooms, zin_academy, minmay_surrounded

Skill      XL: |  1  2  3 |
---------------+----------+-----
Spellcasting   | 3 4 |  4.4
Dodging        | |  1.5
Stealth        | |  1.5
Necromancy     | |  4.9

Action                   |  1- 3 |  4- 6 || total
-------------------------+-------+-------++-------
Melee: Unarmed           |     2 |       ||     2
       Dagger            |     3 |       ||     3
 Fire: Sling             |     9 |     5 ||    14
 Cast: Necrotise         |    62 |     7 ||    69
Armor: Robe              |    12 |     1 ||    13
Dodge: Dodged            |    21 |     8 ||    29

Table legend: (Time is in decaauts)
 A = Elapsed time spent in this place.
 B = Non-inter-level travel time spent in this place.
 C = Inter-level travel time spent in this place.
 D = Time resting spent in this place.
 E = Time spent auto-exploring this place.
 F = Levels seen in this place.
 G = Mean time per level.
                   A        B        C        D        E       F      G
               +--------+--------+--------+--------+--------+-----+--------+
         Total |   2142 |   2089 |     53 |      0 |   1821 |   3 |  714.0 |
       Dungeon |   2142 |   2089 |     53 |      0 |   1821 |   3 |  714.0 |
               +--------+--------+--------+--------+--------+-----+--------+

Top non-repeatable levels by time:
     D:1: 1273 daAuts
     D:2: 689 daAuts
     D:3: 178 daAuts
